 Dungeon Crawl Stone Soup version 0.32-a0-558-g233958a4c4 (webtiles) character file.

Game seed: 11758452578747146800

46 mopl the Grasshopper (level 3, -10/27 HPs)
             Began as a Formicid Warper on Feb 29, 2024.
             Mangled by an ogre
             ... wielding a +0 giant club
              (25 damage)
             ... on level 5 of the Dungeon.
             The game lasted 00:02:21 (1923 turns).

mopl the Grasshopper (Formicid Warper)              Turns: 1923, Time: 00:02:22

Health: -10/27     AC:  3    Str: 15    XL:     3   Next: 92%
Magic:  7/7        EV: 11    Int: 14    God:
Gold:   219        SH:  0    Dex: 13    Spells: 5/7 levels left

rFire   . . .        a - +0 falchion
rCold   . . .        (no shield)
rNeg    . . .        b - +0 leather armour
rPois   .            (helmet unavailable)
rElec   .            (no cloak)
rCorr   .            (no gloves)
SInv    +            (no boots)
Will    .....        n - amulet of the acrobat
Stlth   +            (no ring)
HPRegen 0.24/turn    (no ring)
MPRegen 0.10/turn

%: acrobat
@: no status effects
A: permanent stasis, dig shafts and tunnels, antennae 3, four strong arms
a: Dig, Shaft Self


You were on level 5 of the Dungeon.
You visited 1 branch of the dungeon, and saw 4 of its levels.

You collected 219 gold pieces.

Inventory:

Hand Weapons
 a - a +0 falchion (weapon)
 k - a +2 rapier of holy wrath
Missiles
 c - 7 darts of dispersal
 l - 5 boomerangs (quivered)
Armour
 b - a +0 leather armour (worn)
 d - a +0 tower shield
 f - a +0 kite shield
 m - a +0 chain mail
Jewellery
 j - an amulet of magic regeneration
 n - an amulet of the acrobat (around neck)
Wands
 p - a wand of flame (15)
Scrolls
 g - 2 scrolls of enchant armour {unknown}
 h - a scroll of butterflies {unknown}
 i - a scroll of fog {unknown}
 o - a scroll of teleportation {unknown}
Potions
 e - 2 potions of enlightenment {unknown}


   Skills:
 - Level 2.1 Fighting
 + Level 2.6 Long Blades
 - Level 1.0 Throwing
 - Level 1.1 Armour
 - Level 1.7 Dodging
 + Level 1.2 Shields
 + Level 2.7 Spellcasting
 + Level 3.2 Translocations


You had 5 spell levels left.
You knew the following spells:

 Your Spells              Type           Power      Damage    Failure   Level
b - Lesser Beckoning      Tloc           20%        N/A       11%         2

Your spell library contained the following spells:

 Spells                   Type           Power      Damage    Failure   Level
 Teleport Other           Tloc           10%        N/A       22%         3
 Freeze                   Ice            4%         1d3       26%         1
 Slow                     Hex            4%         N/A       26%         1
 Cigotuvi's Dreadful Rot  Necr/Alch/Air  2%         N/A       38%         2
 Manifold Assault         Tloc           10%        N/A       58%         4
 Confusing Touch          Hex            1%         N/A       63%         3
 Frozen Ramparts          Ice            2%         1d1       63%         3
 Hailstorm                Conj/Ice       1%         3d5       63%         3
 Sigil of Binding         Hex            1%         N/A       63%         3
 Vampiric Draining        Necr           1%         2d6       63%         3
 Dispel Undead            Necr           1%         3d6       95%         4
 Martyr's Knell           Necr/Summ      1%         N/A       95%         4
 Arcjolt                  Conj/Air       0%         1d10      100%        5
 Death Channel            Necr           0%         N/A       100%        6
 Maxwell's Capacitive Co  Air            0%         ∞         100%        8
 Blink                    Tloc           Unusable   N/A       N/A         2
 Vhi's Electric Charge    Tloc/Air       Unusable   N/A       N/A         4

Dungeon Overview and Level Annotations

Branches:
Dungeon (3/15)

Altars:
Uskayaw


Innate Abilities, Weirdness & Mutations

You cannot be hasted, slowed, berserked, paralysed or teleported.
You can dig through walls and to a lower floor.
You have a pair of large antennae on your head. (SInv)
Your four strong arms can wield two-handed weapons with a shield.


Message History

n - an amulet of the acrobat (around neck)
o - a scroll labelled WOBBEBO QOOCS
p - a wand of flame (16)
Found 2 stones.
You sense a monster nearby.
An ogre comes into view. It is wielding a +0 giant club.
The ogre shouts!
You throw a boomerang. The boomerang hits the ogre.
The ogre is lightly wounded.
An iguana comes into view.
You hit the ogre.
The ogre is lightly wounded.
The ogre misses you.
You hit the ogre.
The ogre is moderately wounded.
The ogre closely misses you.
You hit the ogre.
The ogre is heavily wounded.
You barely miss the ogre.
The ogre is heavily wounded.
The ogre barely misses you.
You hit the ogre.
The ogre is heavily wounded.
The ogre hits you with a +0 giant club!
Ouch! That really hurt!
You hear an angry hiss.
You are too injured to fight recklessly!
The ogre attacks as it pursues you! The ogre closely misses you.
Okay, then.
Aiming: Throw Flame
Press: ? - help, Shift-Dir - straight line, f/p - ogre
Aim: an ogre, wielding a +0 giant club (heavily wounded, 85% to hit)
The puff of flame hits the ogre.
The ogre is severely wounded.
Unknown command.
You hit the ogre.
The ogre is severely wounded.
The ogre hits you with a +0 giant club!!
Ouch! That really hurt!
You die...

....≈≈≈.≈≈≈....# .../.. .#
[.....≈.≈......# ...... ..
#####.≈.≈.###### ......###.#
#.....# l.......... #.....#
........... #.....# #.#
#.....# #.#
###'#####################.###
#.#.#.##....@Ol.......#.....#
..###...#
#.############.#l###.#
.........# #.# #.#.# #..
.♣♣♣♣♣♣♣.# #.# #l#.###.#
.........# #.# #........
.♣.♣♣♣.♣.# #.# #########
♣.....♣.###.## ♣.._..♣.##...#
♣.....♣......#


You could see an ogre and an iguana.

Vanquished Creatures
  An adder (D:2)
  A dart slug (D:1)
  A ribbon worm (D:2)
  2 endoplasms
  2 giant cockroaches (D:1)
  3 hobgoblins
  A quokka (D:1)
  4 ball pythons
  A bat (D:2)
  5 frilled lizards
  3 goblins
  7 kobolds
  3 rats
34 creatures vanquished.

Notes
Turn   | Place    | Note
-------+----------+-------------------------------------------
     0 | D:1      | mopl the Formicid Warper began the quest for the Orb.
     0 | D:1      | Reached XP level 1. HP: 16/16 MP: 3/3
   211 | D:1      | Reached XP level 2. HP: 22/22 MP: 5/5
   261 | D:1      | Learned a level 2 spell: Lesser Beckoning
   495 | D:1      | Reached skill level 3 in Translocations
   840 | D:2      | Reached XP level 3. HP: 23/27 MP: 6/6
  1150 | D:2      | Reached skill level 1 in Shields
  1728 | D:3      | Found a faded altar of an unknown god.
  1743 | D:3      | You fall into a shaft and drop 2 floors!
  1743 | D:5      | Entered Level 5 of the Dungeon
  1823 | D:5      | Found a hide-covered altar of Uskayaw.
  1896 | D:5      | Noticed an ogre
  1923 | D:5      | Mangled by an ogre

Illustrated notes

Levels and vault maps discovered:
D:1:      heliophobic_arrival_ceremonial_halls, layout_basic
D:2:      layout_basic
D:3:      layout_basic, hellmonk_ecumenical_altar_zigzags, serial_bayou_lagoon_b
D:5:      layout_loops_ring, nicolae_qazlal_eye_of_the_storm,
          nicolae_overflow_hidden_temple, mainiacjoe_overflow_cross_hatched,
          kennysheep_minor_cross

Skill      XL: |  1  2  3 |
---------------+----------+-----
Translocations | 3 |  3.2
Shields        | 1 |  1.2
Fighting       | |  2.1
Long Blades    | |  2.6
Throwing       | |  1.0
Armour         | |  1.1
Dodging        | |  1.7
Spellcasting   | |  2.7

Action                     || total
---------------------------++-------
  Melee: Falchion          ||   115
  Throw: Boomerang         ||     1
Ability: Shaft Self        ||     1
  Evoke: Wand              ||     1
 Armour: Leather armour    ||    66
  Dodge: Dodged            ||    80

Table legend: (Time is in decaauts)
 A = Elapsed time spent in this place.
 B = Non-inter-level travel time spent in this place.
 C = Inter-level travel time spent in this place.
 D = Time resting spent in this place.
 E = Time spent auto-exploring this place.
 F = Levels seen in this place.
 G = Mean time per level.
                   A        B        C        D        E       F      G
               +--------+--------+--------+--------+--------+-----+--------+
         Total |   1944 |   1915 |     29 |     82 |   1451 |   4 |  486.0 |
       Dungeon |   1944 |   1915 |     29 |     82 |   1451 |   4 |  486.0 |
               +--------+--------+--------+--------+--------+-----+--------+

Top non-repeatable levels by time:
     D:1: 832 daAuts
     D:2: 786 daAuts
     D:5: 181 daAuts
     D:3: 144 daAuts
